cohdb
Replays
Latest Replays
All Replays
Popular Replays
Top Player Replays
Match Explorer
How It Works
Community
CoH3 Stats
Reddit
Sign in to upload your games and track your stats! →
Sign in with Steam
Match 41659895
Unlisted
Match 41659895
Overview
Messages
Build Orders
End
Construct Section Command Post
Dingo Light Scout Car
Selects Heavy Armor Battlegroup
Infantry Section
Infantry Section
Construct Platoon Command Post
Unlock M3 Stuart Light Tanks
M3 Stuart Light Tank
M3 Stuart Light Tank
M3 Stuart Light Tank
Selects Engineer Detachments
Selects Light Vehicle Withdraw and Refit
Selects Radio Net
M3 Stuart Light Tank
Infantry Section
Infantry Training
Light Vehicle Training
Grenade Package
Construct Company Command Post
CMP 15cwt Truck
Infantry Section
Selects Recon Artillery
Armored Vehicle Training
Crusader II Medium Tank
Crusader II Medium Tank
Crusader II Medium Tank
Selects Forward Repair Assembly
Crusader II Medium Tank
Crusader II Medium Tank
Recon Artillery
Radio Net
Crusader II Medium Tank
Crusader II Medium Tank
Crusader II Medium Tank
Selects Churchill Black Prince Heavy Tank
Recon Artillery
Churchill Black Prince Heavy Tank
Crusader II Medium Tank
Royal Engineer Section
Crusader II Medium Tank
Recon Artillery
Crusader II Medium Tank
CMP 15cwt Truck
洛洛
[EPIC]SAGEKING
Mr Seacucumber
Luzinit24
民豪
Valdai
Final_Ant
Sailor
0
0
Comments
sign in to comment!
No comments posted yet!